Unix NetHack Version 3.7.0-102 Work-in-progress - last build Apr 6 2024 13:22:21 (d302a6a9ff6341f1a922d8f5af178406b35fdf99,branch:master). Game began 2024-05-02 20:48:57, ended 2024-05-02 20:57:06. fstd, neutral male human Wizard --- --<- h@). ... Fstd the Evoker St:11 Dx:10 Co:15 In:18 Wi:9 Ch:12 Neutral S:205 Dlvl:3 $:31 HP:0(12) Pw:8(8) AC:9 Xp:1 T:378 Deaf Latest messages: The newt is killed! You kill the lichen! $ - 7 gold pieces You see here a lichen corpse. o - a lichen corpse. p - a food ration. You see here a large box. Hmmm, the large box turns out to be locked. $ - 7 gold pieces You see here a locked large box. You hear the chime of a cash register. $ - 5 gold pieces You kill the lichen! You see here a lichen corpse. o - a lichen corpse $ - 7 gold pieces q - an iron wand. What do you want to write with? [- ac-elq or ?*] - You write in the dust with your fingertip. What do you want to write in the dust here? x What do you want to write with? [- ac-elq or ?*] q You wipe out the message that was written in the dust here. You engrave in the floor with a wand of digging. What do you want to engrave in the floor here? The wand of digging glows, then fades. The door resists! The door resists! The door opens. The newt bites! You kill the newt! What do you want to use or apply? [cjklq or ?*] You hear a B flat squeak in the distance. You stop searching. You hit it. You miss it. You hit it. You miss it. You kill the gnome! r - 2 white gems. You see here a gnome corpse. You are hit. It misses. There is a gnome corpse here; eat it? [ynq] (n) y Blecch! Rotten food! The world spins and goes dark. It is missed. You are hit! You are hit! You die... Do you want your possessions identified? [ynq] (y) q Inventory: Coins ('$') $ - 31 gold pieces Weapons (')') a - a blessed +1 quarterstaff (weapon in hands) Armor ('[') b - an uncursed +0 cloak of magic resistance (being worn) Comestibles ('%') p - an uncursed food ration o - 2 uncursed lichen corpses Scrolls ('?') m - a blessed scroll of charging i - an uncursed scroll of enchant weapon n - a blessed scroll of light g - an uncursed scroll of light h - an uncursed scroll of teleportation Spellbooks ('+') k - an uncursed spellbook of confuse monster j - a blessed spellbook of force bolt Potions ('!') f - 3 uncursed potions of healing Rings ('=') d - an uncursed +1 ring of gain constitution e - an uncursed ring of regeneration Wands ('/') q - an uncursed wand of digging (0:6) c - an uncursed wand of opening (0:4) Tools ('(') l - an uncursed magic marker (0:21) Gems/Stones ('*') r - 2 uncursed dilithium crystals Fstd the Wizard's attributes: Background: You were an Evoker, a level 1 male human Wizard. You were neutral, on a mission for Thoth who was opposed by Ptah (lawful) and Anhur (chaotic). You were right-handed. You were in the Gnomish Mines, on level 3. You entered the dungeon 378 turns ago. You had 16 experience points, 4 more were needed to attain level 2. Your score was 205 before end-of-game adjustments. Basics: You had 0 out of 12 hit points. You had all 8 energy points (spell power). Your armor class was 9. Your wallet contained 31 zorkmids. Autopickup was on for '$"?!=+/(*' plus thrown, with exceptions. Final Characteristics: Your strength was 11 (limit:18/100). Your dexterity was 10 (limit:18). Your constitution was 15 (limit:18). Your intelligence was 18 (limit:18). Your wisdom was 9 (limit:18). Your charisma was 12 (limit:18). Final Status: You were deaf. You weren't hungry. You were unencumbered. You were wielding a quarterstaff. You had basic skill with quarterstaff. Final Attributes: You were aligned. You were magic-protected. You were warded. You are dead. Miscellaneous: You disabled loading of bones levels. Total elapsed playing time was 8 minutes and 9 seconds. Major events: Turn 1: fstd the neutral male human Wizard entered the dungeon 300: entered the Gnomish Mines 378: killed by a crossbow bolt, while unconscious from rotten food Vanquished creatures: a gnome 2 lichens 2 newts 5 creatures vanquished. No species were genocided or became extinct. Voluntary challenges: You were an atheist. You were illiterate. You never engraved Elbereth. You never genocided any monsters. You never polymorphed an object. You never changed form. You used no wishes. Achievement: You entered the Gnomish Mines. The Dungeons of Doom: levels 1 to 2 Level 1: A fountain. Level 2: Stairs down to The Gnomish Mines. The Gnomish Mines: Level 3: <- You were here. Final resting place for you, killed by a crossbow bolt, while unconscious from rotten food. Game over: ---------- / \ / REST \ / IN \ / PEACE \ / \ | fstd | | 31 Au | | killed by a | | crossbow bolt | | | | | | 2024 | *| * * * | * _________)/\\_//(\/(/\)/\//\/|_)_______ Goodbye fstd the Wizard... You died in The Gnomish Mines on dungeon level 3 with 202 points, and 31 pieces of gold, after 378 moves. You were level 1 with a maximum of 12 hit points when you died.